Map: [ESL] Alcyone

Players

SHIN

  • Race: Zerg Zerg
  • Spawn Location: 1:00

Maru - Winner!

  • Race: Terran Terran
  • Spawn Location: 7:00

VOD

Have the link to the VOD?

Description

Time

  • Played on: May 2, 2024, 6:38 a.m.
  • Length: 12:55
Show
View Real Time Build Order
Export as new Build Order

SHIN Zerg 

Build Orders: Hatch First 

Get SALT Encoding   

  12  0:00  Drone  
  13  0:12  Overlord  
  13  0:16  Drone  
  14  0:31  Drone x2  
  16  0:48  Hatchery  
  15  0:51  Drone  
  15  0:54  Drone  
  17  0:58  Drone  
  18  1:08  Extractor  
  17  1:13  Spawning Pool  
  17  1:15  Drone  
  17  1:20  Drone  
  18  1:29  Drone  
  20  1:40  Drone  
  20  1:49  Drone  
  21  2:00  Queen x2, Zergling x2  
  21  2:01  Zergling x2  
  27  2:11  Overlord  
  27  2:12  Zergling x2  
  28  2:20  Metabolic Boost  
  28  2:29  Spore Crawler  
  27  2:30  Drone x2  
  27  2:34  Drone x2  
  27  2:35  Queen  
  34  2:40  Queen  
  36  2:46  Overlord  
  36  2:47  Overlord  
  36  3:01  Hatchery  
  36  3:04  Drone  
  36  3:07  Drone  
  36  3:08  Drone  
  36  3:11  Drone  
  36  3:12  Drone  
  40  3:14  Drone  
  40  3:16  Drone  
  40  3:18  Drone  
  43  3:23  Queen  
  45  3:29  Drone x2  
  45  3:33  Queen  
  49  3:37  Drone x2  
  51  3:43  Drone  
  51  3:44  Overlord  
  52  3:49  Overlord  
  52  4:02  Drone, Queen  
  55  4:03  Drone x5  
  55  4:08  Drone  
  61  4:11  Queen  
  61  4:13  Drone, Queen  
  61  4:15  Drone  
  61  4:16  Drone  
  68  4:17  Drone  
  68  4:19  Drone  
  68  4:21  Drone  
  71  4:25  Drone x3  
  71  4:29  Overlord  
  74  4:31  Baneling Nest  
  74  4:35  Extractor x2  
  74  4:36  Drone x2  
  73  4:39  Overlord  
  73  4:44  Drone  
  74  4:45  Overlord  
  74  4:49  Zergling x12  
  74  4:52  Zergling x2  
  80  4:53  Drone  
  80  4:55  Lair  
  80  4:58  Drone  
  80  4:59  Drone x2  
  84  5:01  Drone  
  85  5:07  Drone  
  85  5:08  Hatchery  
  85  5:10  Drone  
  85  5:13  Drone  
  85  5:14  Drone, Evolution Chamber x2  
  86  5:19  Drone x4  
  86  5:21  Drone  
  91  5:22  Extractor  
  91  5:25  Drone x3  
  91  5:28  Zergling x4, Extractor  
  94  5:35  Zergling x6  
  97  5:40  Zergling x2  
  97  5:42  Overlord  
  98  5:44  Zerg Melee Weapons Level 1  
  98  5:45  Zerg Ground Armor Level 1  
  98  5:46  Overlord x2  
  98  5:48  Overlord  
  98  5:55  Overlord, Centrifugal Hooks  
  97  5:59  Zergling x2  
  97  6:01  Zergling x14  
  105  6:08  Zergling x6  
  108  6:13  Zergling x2  
  108  6:16  Hydralisk Den  
  108  6:21  Zergling x16  
  112  6:26  Drone x4  
  112  6:27  Drone  
  116  6:34  Drone x3  
  116  6:36  Drone  
  114  6:40  Baneling  
  114  6:41  Baneling x2  
  114  6:44  Drone x3  
  114  6:46  Grooved Spines  
  116  6:52  Hydralisk x4  
  108  6:57  Hydralisk  
  108  6:58  Baneling x3  
  108  7:00  Drone x3  
  110  7:01  Queen  
  110  7:03  Hydralisk  
  110  7:04  Hydralisk x2  
  118  7:08  Baneling x2  
  118  7:09  Baneling x2  
  118  7:10  Baneling  
  118  7:11  Zergling x8  
  118  7:15  Zergling x14  
  128  7:20  Zergling x2  
  129  7:23  Drone  
  129  7:24  Spore Crawler  
  129  7:25  Hydralisk, Hatchery  
  129  7:28  Zergling x4  
  132  7:33  Zergling x2  
  132  7:36  Muscular Augments  
  133  7:40  Zergling x4  
  133  7:42  Overlord  
  133  7:43  Zerg Ground Armor Level 2, Zerg Melee Weapons Level 2  
  134  7:44  Overlord x2  
  134  7:49  Zergling x6  
  135  7:52  Hatchery  
  135  7:57  Baneling x11  
  134  8:01  Hydralisk, Zergling x6  
  134  8:02  Zergling x10  
  134  8:04  Hydralisk, Zergling x2  
  134  8:05  Zergling x2  
  148  8:11  Drone  
  149  8:14  Zergling x22  
  149  8:19  Overseer  
  159  8:25  Zergling x8, Infestation Pit  
  157  8:27  Overlord  
  157  8:28  Zergling x6  
  160  8:37  Overlord x3  
  160  8:39  Overlord  
  160  8:43  Baneling x8  
  160  8:45  Overlord  
  160  8:46  Pneumatized Carapace  
  160  8:53  Zergling x2  
  160  8:55  Zergling x22  
  169  9:01  Hydralisk  
  169  9:02  Zergling x2  
  172  9:05  Zergling x12  
  176  9:10  Baneling x21  
  176  9:12  Zergling x8  
  176  9:16  Zergling x8  
  178  9:21  Zergling x6  
  175  9:27  Zergling x14  
  175  9:31  Hive  
  151  9:41  Hydralisk  
  151  9:42  Zergling x18  
  151  9:45  Hydralisk  
  143  9:49  Drone x3  
  143  9:52  Drone x3, Lurker Den  
  149  9:53  Drone  
  149  9:54  Drone  
  149  9:59  Zergling x4, Zerg Missile Weapons Level 1  
  151  10:03  Drone x2, Queen  
  151  10:05  Zergling x6  
  158  10:10  Zergling x12  
  164  10:14  Drone  
  164  10:15  Extractor x2  
  164  10:17  Zergling x2  
  164  10:20  Baneling x10  
  164  10:23  Spore Crawler  
  164  10:24  Zergling x10, Hatchery  
  164  10:25  Zergling x2  
  164  10:27  Baneling x9  
  168  10:32  Extractor  
  168  10:33  Zergling x18  
  172  10:44  Viper  
  172  10:47  Drone x6  
  180  10:50  Extractor  
  179  10:57  Viper  
  179  10:59  Zergling x16  
  179  11:04  Overlord x7  
  190  11:17  Seismic Spines  
  188  11:22  Zergling x24  
  194  11:34  Baneling x26  
  194  11:35  Baneling  
  194  11:39  Zergling x30  
  195  11:47  Zergling x6  
  195  11:52  Zergling x4  
  200  11:55  Hatchery  
  200  11:56  Zergling x2  
  200  12:01  Baneling x2  
  198  12:15  Hydralisk  
  155  12:16  Zergling x22  
  155  12:19  Viper x2  
  155  12:20  Hydralisk x3  
  157  12:22  Baneling x2  
  157  12:23  Zergling x2, Baneling x6  
  157  12:24  Zergling x2  
  157  12:28  Zergling x4  
  161  12:34  Zergling x6  
  143  12:38  Zergling x2  
Show
View Real Time Build Order
Export as new Build Order

Maru Terran - Winner!

Build Orders:  

Get SALT Encoding   

  12  0:00  SCV  
  13  0:12  SCV  
  14  0:17  Supply Depot  
  14  0:24  SCV  
  15  0:39  SCV  
  15  0:40  Barracks  
  16  0:42  Refinery  
  16  0:51  SCV  
  17  0:59  Barracks  
  17  1:03  SCV  
  18  1:15  SCV  
  19  1:27  Orbital Command  
  19  1:28  Reaper  
  20  1:40  Supply Depot  
  20  1:46  Reaper  
  21  1:52  SCV  
  22  2:03  Reaper  
  22  2:05  SCV  
  24  2:10  Command Center  
  24  2:17  SCV  
  24  2:21  Refinery  
  25  2:29  SCV  
  26  2:41  SCV  
  27  2:49  Factory  
  27  2:52  Command Center  
  27  2:53  SCV  
  27  2:55  Barracks Reactor  
  27  2:57  Marine  
  29  3:06  SCV  
  30  3:18  SCV, Barracks Tech Lab  
  31  3:21  Orbital Command  
  31  3:28  Engineering Bay  
  31  3:30  SCV, Engineering Bay  
  32  3:39  Hellion  
  34  3:42  SCV, Hellion  
  34  3:47  SCV  
  38  3:55  Terran Infantry Armor Level 1, Terran Infantry Weapons Level 1  
  38  3:56  SCV  
  38  3:58  Barracks Reactor  
  38  4:00  SCV  
  40  4:06  Orbital Command  
  40  4:09  Hellion  
  42  4:10  SCV  
  42  4:12  SCV  
  42  4:16  Hellion  
  46  4:18  Stimpack  
  46  4:22  Supply Depot  
  46  4:23  SCV  
  47  4:24  SCV  
  47  4:28  Marine  
  47  4:30  Starport  
  49  4:35  Marine x2  
  49  4:37  SCV  
  52  4:40  SCV  
  52  4:42  Refinery  
  53  4:46  Marine  
  53  4:47  SCV  
  53  4:49  SCV, Supply Depot  
  56  4:53  Marine x2  
  56  4:54  SCV  
  56  4:59  SCV  
  60  5:01  SCV, Refinery  
  60  5:03  Armory  
  60  5:04  Marine  
  60  5:06  SCV  
  63  5:09  Factory Tech Lab  
  63  5:10  Marine  
  63  5:11  Marine  
  65  5:14  Medivac  
  65  5:15  Medivac  
  65  5:16  SCV  
  70  5:22  Marine  
  70  5:24  SCV, Barracks, Orbital Command  
  72  5:28  Supply Depot  
  72  5:29  Siege Tank  
  72  5:31  Marine x2  
  77  5:38  Supply Depot  
  77  5:44  Supply Depot  
  77  5:50  SCV x2, Marine x3  
  77  5:53  SCV  
  77  5:56  Terran Infantry Weapons Level 2  
  83  5:57  Combat Shield  
  83  6:02  SCV, Terran Infantry Armor Level 2  
  85  6:04  SCV  
  85  6:05  SCV  
  85  6:07  Marine x2  
  85  6:09  Marine  
  85  6:11  Barracks Reactor  
  89  6:14  SCV  
  89  6:15  Supply Depot  
  89  6:16  Barracks  
  90  6:21  Barracks  
  90  6:23  SCV  
  90  6:25  SCV, Marine x2  
  92  6:31  Siege Tank  
  97  6:37  SCV  
  97  6:38  SCV  
  97  6:39  SCV  
  100  6:41  Medivac x2, Supply Depot  
  104  6:49  SCV  
  104  6:51  SCV x2  
  103  6:54  Marine  
  103  6:55  Marine  
  103  6:56  Marine  
  103  7:01  SCV  
  100  7:05  Barracks x2  
  100  7:06  Barracks  
  100  7:09  Barracks Reactor x2  
  100  7:11  Medivac x2  
  100  7:13  Supply Depot  
  100  7:14  SCV  
  105  7:17  Siege Tank, Marine  
  105  7:22  Marine x2  
  109  7:23  Marine x2  
  109  7:28  Refinery, Supply Depot  
  113  7:30  Supply Depot x2  
  113  7:35  Marine  
  114  7:40  Marine x3  
  114  7:41  Medivac  
  114  7:42  Marine  
  119  7:49  Siege Tank  
  119  7:50  SCV  
  123  7:52  Marine x7  
  123  7:53  Marine  
  123  7:54  Supply Depot  
  123  7:56  Terran Vehicle Weapons Level 1  
  123  7:58  Marine x3  
  132  8:00  Marine  
  135  8:10  Marine x7  
  135  8:11  Marine  
  142  8:14  Supply Depot  
  142  8:15  Terran Infantry Weapons Level 3  
  142  8:16  Medivac, Marine x2  
  142  8:19  Marine x2  
  148  8:26  Terran Infantry Armor Level 3  
  146  8:28  Marine x6  
  146  8:34  Siege Tank  
  155  8:40  Supply Depot, Marine x4  
  159  8:42  Supply Depot  
  159  8:44  Marine x2  
  159  8:45  Marine  
  159  8:46  Marine  
  163  8:48  Marine x2  
  165  9:01  Supply Depot  
  165  9:02  Marine x3  
  168  9:07  SCV  
  168  9:08  Marine x2  
  171  9:10  Command Center  
  171  9:11  Siege Tank  
  171  9:12  Marine  
  171  9:15  Marine x3  
  171  9:16  Marine x2  
  176  9:18  Medivac  
  176  9:24  Marine  
  178  9:26  Supply Depot  
  178  9:30  Marine x2  
  177  9:33  Marine x2  
  160  9:41  Marine  
  160  9:42  Marine x3  
  160  9:45  Siege Tank  
  114  9:47  Marine  
  114  9:48  Marine x2  
  114  9:51  Barracks Reactor x3, Marine x2  
  116  9:56  Liberator x2  
  116  9:59  Marine x2  
  123  10:00  Marine x2  
  123  10:05  Marine  
  127  10:07  Marine x2  
  127  10:09  Marine x2  
  131  10:17  Siege Tank, Marine x4  
  138  10:23  SCV x3, Marine  
  138  10:25  Marine x2  
  138  10:27  Marine x2  
  146  10:29  Marine x3  
  146  10:30  Marine x3  
  146  10:35  Marine x2  
  153  10:39  Liberator  
  153  10:40  Liberator  
  159  10:47  Marine x6  
  165  10:52  Siege Tank  
  165  10:55  Planetary Fortress  
  165  10:56  Marine  
  169  10:58  Marine x2  
  169  10:59  Marine  
  169  11:00  Marine  
  169  11:01  Marine  
  174  11:08  Marine x6  
  180  11:17  Marine  
  180  11:18  Marine x2  
  183  11:21  Marine  
  183  11:22  Marine x5  
  183  11:24  Siege Tank  
  192  11:26  Marine  
  192  11:31  Marine x4  
  191  11:33  Marine  
  191  11:36  Marine x3  
  190  11:40  Marine  
  190  11:44  Marine x4  
  194  11:52  Marine x6  
  200  11:59  Command Center  
  163  12:16  Marine  
  163  12:18  Siege Tank  
  163  12:19  Medivac  
  163  12:20  Medivac, Marine  
  163  12:21  Marine  
  163  12:22  Marine x2  
  160  12:25  Marine x4  
  160  12:26  Marine x6  
  170  12:34  Marine  
Tags
 
Matchup
TvZ
Spawn Locations
Cross Positions
Add a new tag
Caveats
  • Supply blocks, unpowered buildings, or Contaminate may cause inaccurate times.
  • Supply counts are checked every 10 seconds.